Map: Orbital Shipyard

Players

Chris (MCanning) - Winner!

  • Race: Protoss Protoss
  • League: Master

Emily

  • Race: Terran Terran
  • League: Master

VOD

Have the link to the VOD?

Description

Time

  • Played on: Nov. 14, 2015, 1:51 a.m.
  • Length: 11:07
Show
View Real Time Build Order
Export as new Build Order

Chris Protoss - Winner!

Build Orders: 1 Gate Expand, Blink Stalkers 

Get SALT Encoding   

  12  0:01  Probe (Chrono Boost)  
  13  0:12  Probe (Chrono Boost)  
  14  0:19  Pylon  
  14  0:22  Probe (Chrono Boost)  
  15  0:37  Probe (Chrono Boost)  
  16  0:43  Gateway  
  16  0:48  Probe (Chrono Boost)  
  17  0:58  Probe (Chrono Boost)  
  17  0:59  Assimilator  
  18  1:09  Probe (Chrono Boost)  
  19  1:22  Probe (Chrono Boost)  
  19  1:23  Nexus  
  20  1:34  Cybernetics Core  
  20  1:39  Assimilator  
  20  1:40  Probe (Chrono Boost)  
  21  1:51  Probe (Chrono Boost), Pylon  
  22  2:01  Probe (Chrono Boost)  
  23  2:12  Mothership Core (Chrono Boost)  
  23  2:13  Adept  
  26  2:21  Warp Gate  
  26  2:26  Pylon  
  26  2:30  Probe (Chrono Boost)  
  28  2:37  Probe (Chrono Boost)  
  28  2:41  Probe (Chrono Boost)  
  28  2:47  Probe (Chrono Boost)  
  29  2:52  Probe (Chrono Boost)  
  29  2:57  Twilight Council  
  29  2:58  Probe (Chrono Boost)  
  31  3:02  Probe (Chrono Boost)  
  32  3:08  Probe (Chrono Boost)  
  32  3:11  Robotics Facility  
  34  3:13  Probe (Chrono Boost)  
  34  3:19  Probe (Chrono Boost)  
  35  3:23  Probe (Chrono Boost)  
  36  3:31  Gateway  
  36  3:32  Gateway  
  36  3:33  Probe (Chrono Boost)  
  37  3:35  Probe (Chrono Boost)  
  38  3:43  Probe (Chrono Boost), Blink (Chrono Boost)  
  38  3:46  Probe (Chrono Boost)  
  40  3:54  Probe (Chrono Boost), Pylon  
  41  3:57  Probe (Chrono Boost), Observer (Chrono Boost)  
  43  4:05  Probe  
  43  4:08  Probe  
  45  4:15  Observer, Assimilator  
  45  4:19  Assimilator  
  45  4:21  Probe, Pylon  
  45  4:23  Pylon  
  47  4:26  Probe  
  47  4:28  Stalker  
  50  4:33  Stalker, Probe  
  50  4:34  Observer  
  50  4:35  Stalker  
  56  4:38  Probe  
  57  4:56  Gateway, Probe  
  57  4:59  Pylon  
  58  5:02  Forge  
  58  5:08  Probe  
  58  5:09  Observer, Robotics Bay  
  58  5:14  Nexus  
  60  5:15  Adept  
  60  5:17  Probe  
  60  5:20  Probe  
  64  5:29  Stalker, Probe  
  64  5:30  Stalker  
  64  5:32  Probe  
  64  5:34  Protoss Ground Armor Level 1 (Chrono Boost)  
  70  5:37  Pylon  
  70  5:43  Immortal (Chrono Boost)  
  74  5:52  Photon Cannon  
  74  5:54  Photon Cannon  
  74  5:56  Probe  
  75  6:02  Probe  
  76  6:20  Gateway, Disruptor (Chrono Boost)  
  76  6:21  Gateway  
  76  6:25  Stalker x3  
  85  6:27  Probe  
  86  6:33  Stalker  
  86  6:37  Probe  
  86  6:38  Probe  
  90  6:49  Stalker x3  
  90  6:51  Probe, Disruptor (Chrono Boost)  
  90  6:53  Probe  
  101  6:57  Pylon  
  101  7:03  Probe x2  
  103  7:10  Probe  
  103  7:14  Probe  
  105  7:17  Probe  
  105  7:20  Protoss Ground Armor Level 2 (Chrono Boost)  
  105  7:22  Photon Cannon  
  106  7:24  Disruptor (Chrono Boost), Photon Cannon  
  106  7:26  Pylon  
  106  7:28  Adept x4  
  106  7:29  Pylon  
  117  7:30  Resonating Glaives  
  117  7:31  Assimilator  
  117  7:36  Pylon  
  117  7:38  Assimilator  
  117  7:45  Pylon  
  117  7:50  Adept  
  117  7:51  Adept x3  
  125  7:52  Probe  
  125  7:56  Probe  
  127  8:00  Probe  
  130  8:06  Warp Prism (Chrono Boost)  
  130  8:07  Probe  
  130  8:11  Dark Shrine  
  131  8:16  Probe x2  
  133  8:21  Stalker x4  
  133  8:27  Pylon  
  141  8:39  Probe  
  139  8:41  Probe  
  139  8:44  Disruptor (Chrono Boost)  
  139  8:47  Probe  
  144  8:56  Zealot x2  
  144  8:57  Stalker x2, Zealot x2  
  156  9:08  Pylon  
  156  9:10  Pylon  
  156  9:25  Forge  
  156  9:27  Disruptor (Chrono Boost)  
  156  9:28  Nexus  
  156  9:29  Probe, Pylon  
  156  9:30  Pylon  
  160  9:36  Probe  
  155  9:38  Zealot x3  
  155  9:39  Zealot x3  
  155  9:44  Stargate  
  155  9:45  Stargate  
  167  9:47  Pylon  
  167  9:48  Probe  
  166  9:56  Disruptor (Chrono Boost)  
  143  10:00  Probe  
  143  10:02  Probe  
  135  10:13  Probe  
  128  10:16  Stalker x2  
  128  10:17  Probe  
  127  10:22  Pylon  
  127  10:23  Probe, Disruptor  
  127  10:27  Probe  
  129  10:32  Dark Templar  
  129  10:35  Dark Templar  
  136  10:38  Dark Templar  
  136  10:40  Dark Templar, Zealot  
  136  10:41  Zealot  
  144  10:44  Probe  
  144  10:46  Probe  
  146  10:50  Probe  
Show
View Real Time Build Order
Export as new Build Order

Emily Terran 

Build Orders: Reaper Expand, MMM Bio 

Get SALT Encoding   

  12  0:01  SCV  
  13  0:13  SCV  
  14  0:18  Supply Depot  
  14  0:25  SCV  
  15  0:31  Refinery  
  15  0:39  SCV  
  16  0:45  Barracks  
  16  0:51  SCV  
  17  1:03  SCV  
  18  1:15  SCV  
  19  1:32  Orbital Command  
  19  1:33  Reaper  
  20  1:45  Command Center  
  20  1:56  Factory  
  20  2:00  SCV  
  21  2:11  Supply Depot, Barracks Reactor  
  21  2:15  SCV  
  22  2:27  SCV  
  23  2:41  SCV  
  24  2:48  Widow Mine, Marine x2  
  24  2:50  Barracks  
  27  2:55  Barracks  
  27  2:57  SCV  
  28  3:01  Orbital Command  
  28  3:07  Marine x2  
  28  3:09  SCV  
  31  3:16  Widow Mine  
  33  3:21  SCV  
  33  3:25  Marine x2  
  36  3:27  SCV  
  36  3:33  SCV  
  38  3:34  Supply Depot  
  38  3:39  SCV  
  39  3:41  Marine  
  39  3:43  Marine  
  39  3:44  Barracks Tech Lab  
  39  3:45  SCV  
  42  3:51  SCV  
  43  3:57  SCV  
  43  3:59  Factory Tech Lab  
  43  4:00  Marine x2  
  43  4:01  Marine  
  47  4:03  SCV, Marine  
  47  4:05  Stimpack  
  47  4:09  SCV  
  50  4:11  Supply Depot  
  50  4:15  SCV, Refinery  
  50  4:16  Refinery  
  51  4:18  Marine x2  
  51  4:19  Marine  
  51  4:22  Engineering Bay  
  54  4:32  SCV x2, Marine  
  54  4:35  Supply Depot  
  57  4:40  Factory Reactor  
  57  4:42  Marine x2  
  57  4:44  SCV  
  60  4:46  SCV  
  60  4:49  Supply Depot  
  61  4:54  Starport  
  61  4:56  Terran Infantry Weapons Level 1, SCV  
  61  4:58  SCV  
  63  5:02  Marine x4  
  63  5:03  Combat Shields  
  67  5:08  SCV  
  67  5:10  SCV  
  67  5:12  Refinery  
  69  5:14  Supply Depot  
  69  5:21  SCV  
  70  5:23  Marine x4  
  70  5:25  SCV  
  75  5:30  Supply Depot  
  75  5:31  Supply Depot  
  75  5:33  SCV  
  76  5:37  SCV  
  77  5:43  Marine, Medivac x2  
  77  5:44  Marauder, Marine  
  77  5:45  SCV  
  86  5:51  SCV  
  86  5:52  Marauder  
  86  5:54  Supply Depot  
  89  5:57  SCV  
  89  6:03  Marine x2  
  92  6:05  Barracks  
  92  6:06  Barracks  
  92  6:10  Concussive Shells  
  92  6:18  SCV  
  93  6:20  Supply Depot  
  93  6:22  Marauder x2  
  93  6:23  Marine x2  
  93  6:24  Medivac x2  
  103  6:28  Factory Reactor  
  103  6:29  SCV  
  103  6:30  SCV  
  105  6:42  Command Center  
  103  6:48  Marauder x2, Marine x2  
  103  6:50  Terran Infantry Armor Level 1  
  103  6:52  SCV x2  
  103  6:53  Barracks Reactor  
  111  6:54  Barracks Tech Lab  
  111  6:57  Supply Depot  
  108  7:07  Marine x2  
  108  7:08  Widow Mine x2  
  110  7:09  Marauder x2  
  118  7:19  Marauder, Medivac x2  
  118  7:22  Supply Depot  
  124  7:40  Liberator x2  
  124  7:43  Marine x2  
  124  7:44  Marauder, Starport, Marine  
  126  7:45  Marauder x2  
  126  7:48  Factory Tech Lab  
  133  7:56  Marine  
  140  8:03  Marine x2  
  142  8:10  Marauder x3  
  142  8:12  Orbital Command  
  148  8:17  Marine x2  
  149  8:23  Liberator, Fusion Core  
  149  8:25  SCV  
  149  8:38  Supply Depot  
  149  8:40  SCV, Marine x3  
  149  8:41  Marauder x2  
  138  8:46  Refinery  
  138  8:48  Liberator  
  138  8:50  Refinery  
  127  9:00  Marine x3  
  127  9:01  Engineering Bay, Marauder  
  127  9:02  Armory, Marauder x2  
  136  9:03  SCV x3  
  142  9:14  Advanced Ballistics  
  142  9:18  SCV x3  
  142  9:19  Marine x4  
  142  9:20  Liberator  
  142  9:22  Marauder  
  150  9:24  Supply Depot  
  150  9:25  Supply Depot  
  150  9:26  Supply Depot  
  142  9:35  Marine  
  142  9:36  Marauder  
  144  9:44  Marauder  
  144  9:45  Supply Depot  
  144  9:49  Marine  
  145  9:54  Marine  
  145  9:55  Marauder  
  145  9:56  Liberator  
  145  9:57  Medivac  
  137  10:02  Liberator  
  111  10:14  Marine  
  111  10:15  Marauder, Marine x3  
  111  10:16  Marauder  
  122  10:35  Marine  
  122  10:36  Marine x6  
  122  10:39  Barracks  
  122  10:41  Barracks  
  129  10:43  Barracks  
  129  10:47  Missile Turret  
  129  10:48  Missile Turret  
Tags
 
Add a new tag
Caveats
  • Supply blocks, unpowered buildings, or Contaminate may cause inaccurate times.
  • Supply counts are checked every 10 seconds.